 Dungeon Crawl Stone Soup version 0.28-a0-1613-gdaab1c2f9b (webtiles) character file.

Game seed: 3352948815543339075

4341 Pin the Cleaver (level 10, -11/91 HPs)
             Began as a Hill Orc Fighter on Jan 22, 2022.
             Was a Believer of Beogh.
             Mangled by a komodo dragon (21 damage)
             ... on level 7 of the Dungeon.
             The game lasted 00:16:15 (8992 turns).

Pin the Cleaver (Hill Orc Fighter)                  Turns: 8992, Time: 00:16:15

Health: -11/91     AC: 18    Str: 24    XL:     10   Next: 33%
Magic:  14/14      EV:  5    Int:  8    God:    Beogh [**....]
Gold:   486        SH: 17    Dex: 22    Spells: 9/9 levels left

rFire   . . .      SeeInvis .   a - +1 war axe
rCold   . . .      Faith    .   h - +0 kite shield
rNeg    . . .      Spirit   .   k - +0 plate armour
rPois   .          Reflect  +   g - +0 helmet
rElec   .          Harm     .   (no cloak)
rCorr   .          Rampage  .   (no gloves)
Will    .....                   e - +2 pair of boots
Stlth   ..........              i - amulet of reflection
HPRegen 0.25/turn               z - +6 ring of dexterity
MPRegen 0.14/turn               s - +6 ring of dexterity

@: no status effects
A: no striking features
a: Renounce Religion, Smiting


You were on level 7 of the Dungeon.
You worshipped Beogh.
Beogh was pleased with you.
You visited 1 branch of the dungeon, and saw 7 of its levels.
You also visited: Ossuary.

You collected 486 gold pieces.

Inventory:

Hand Weapons
 a - a +1 war axe (weapon)
Armour
 e - a +2 pair of boots (worn)
 g - a +0 helmet (worn)
 h - a +0 kite shield (worn)
 k - a +0 plate armour (worn)
Jewellery
 f - a ring of protection from fire
 i - an amulet of reflection (around neck)
 s - a +6 ring of dexterity (right hand)
 z - a +6 ring of dexterity (left hand)
Wands
 o - a wand of flame (20)
 y - a wand of paralysis (13)
 A - a wand of polymorph (11)
Scrolls
 l - 2 scrolls of blinking
 n - 3 scrolls of fog
 p - 3 scrolls of teleportation
Potions
 d - 3 potions of might
 j - 2 potions of berserk rage
 m - 3 potions of brilliance
 q - 2 potions of curing
 r - a potion of heal wounds {unknown}
 t - a potion of flight
 x - 3 potions of attraction {unknown}
 B - a potion of invisibility {unknown}
Miscellaneous
 w - a piece from Xom's chessboard (15/15)


   Skills:
 + Level 9.0 Fighting
 + Level 9.5 Axes
 + Level 8.4 Armour
 + Level 8.2 Shields
 + Level 6.4 Invocations


You had 9 spell levels left.
You didn't know any spells.
Your spell library contained the following spells:

 Spells                   Type           Power      Damage    Failure   Level
 Foxfire                  Conj/Fire      0%         2x1d4     100%        1
 Magic Dart               Conj           0%         1d3       100%        1
 Call Imp                 Summ           0%         N/A       100%        2
 Conjure Flame            Conj/Fire      0%         6-21      100%        3
 Ignite Poison            Fire/Tmut/Pois 0%         N/A       100%        3
 Inner Flame              Hex/Fire       0%         N/A       100%        3
 Mephitic Cloud           Conj/Pois/Air  0%         N/A       100%        3
 Ozocubu's Armour         Ice            0%         N/A       100%        3
 Animate Dead             Necr           0%         N/A       100%        4
 Flame Wave               Conj/Fire      0%         2d4       100%        4
 Sticky Flame             Conj/Fire      0%         2d3       100%        4
 Borgnjor's Vile Clutch   Necr/Erth      0%         N/A       100%        5
 Metabolic Englaciation   Hex/Ice        0%         N/A       100%        5
 Death Channel            Necr           0%         N/A       100%        6
 Simulacrum               Ice/Necr       0%         N/A       100%        6


Dungeon Overview and Level Annotations

Branches:
Dungeon (7/15)             Temple (0/1) D:7         Ossuary (visited)

Altars:
Qazlal


Message History

You hit the iguana.
The iguana is severely wounded.
You hit the komodo dragon but do no damage.
The iguana bites you! You block the komodo dragon's attack.
You are too injured to fight recklessly!
You are too injured to fight recklessly!
You are too injured to fight recklessly!
You are too injured to fight recklessly!
You are too injured to fight recklessly!
You are too injured to fight recklessly!
You are too injured to fight recklessly!
You are too injured to fight recklessly!
You are too injured to fight recklessly!
You are too injured to fight recklessly!
You are too injured to fight recklessly!
You are too injured to fight recklessly!
You are too injured to fight recklessly!
You are too injured to fight recklessly!
You are too injured to fight recklessly!
You are too injured to fight recklessly!
You are too injured to fight recklessly!
You are too injured to fight recklessly!
You slice the iguana!!
You kill the iguana!
Beogh accepts your kill.
You hit the komodo dragon.
The komodo dragon is lightly wounded.
You block the komodo dragon's attack. The komodo dragon bites you!!
* * * LOW HITPOINT WARNING * * *
You barely miss the komodo dragon.
The komodo dragon is lightly wounded.
The komodo dragon bites you!
* * * LOW HITPOINT WARNING * * *
The komodo dragon hisses menacingly.
As you read the scroll of fear, it crumbles to dust.
You assume a fearsome visage.
The komodo dragon easily resists.
The komodo dragon bites you but does no damage.
There is an escape hatch in the ceiling here.
The komodo dragon bites you!!
You die...

#
#.#####.##.########..#
# #.# #.##.# #..#
####### #.# #.##.#
#.#..# ......# #.#
##.##.# ..##)# #####.#
#.####...#.# ...P#.# #
#........l.# ....#.# #
######.l.#.# #....#..
# ######l##.# ll...###
# #.....@##l###l.l# #
#.#######.l.ll# # #.#
#..#### ## #.# #..#
.####. #.# #.<# ......
#.# #..#####... .#####
#.# #.......... ## #.#
##.#####... # #.# #.#


You could see a komodo dragon and 2 frilled lizards.

Vanquished Creatures
  Harold (D:7)
  Joseph (D:7)
  Maggie (D:6)
  2 orc warriors
  2 black bears
  2 sky beasts (D:5)
  2 necrophages (D:4)
  3 ogres
  A centaur (D:7)
  A kobold brigand (D:7)
  A bullfrog (D:7)
  4 scorpions
  2 water moccasin skeletons
  A howler monkey (D:7)
  5 centaur zombies
  2 jellies (D:7)
  A centaur skeleton (D:5)
  A gnoll shaman (D:7)
  2 hounds
  Ijyb (D:3)
  2 bullfrog skeletons
  5 iguanas
  2 orc wizards (D:6)
  2 hound skeletons
  2 mummies (Ossuary)
  12 adders
  5 gnolls
  5 white imps
  An ufetubus (D:5)
  4 adder zombies (Ossuary)
  An adder skeleton (D:4)
  3 worms
  A dart slug (D:1)
  21 orcs
  5 bats
  8 endoplasms
  4 giant cockroaches
  9 goblins
  7 hobgoblins
  3 jackals
  3 quokkas
  5 ball pythons
  A frilled lizard (D:1)
  2 gnoll zombies (Ossuary)
  A goblin zombie (D:7)
  6 hobgoblin zombies (Ossuary)
  15 kobolds
  6 kobold zombies (Ossuary)
  6 orc zombies (Ossuary)
  A quokka zombie (D:7)
  6 rats
190 creatures vanquished.

Vanquished Creatures (others)
  An orc priest (D:5)
  3 orcs (D:5)
  12 fungi (D:6)
  3 plants (D:7)
19 creatures vanquished.

Grand Total: 209 creatures vanquished

Notes
Turn   | Place    | Note
-------+----------+-------------------------------------------
     0 | D:1      | Pin the Hill Orc Fighter began the quest for the Orb.
     0 | D:1      | Reached XP level 1. HP: 19/19 MP: 1/1
    45 | D:1      | Reached XP level 2. HP: 24/27 MP: 2/2
   348 | D:1      | Found a faded altar of an unknown god.
   797 | D:2      | Reached XP level 3. HP: 33/33 MP: 3/3
  1802 | D:2      | Reached XP level 4. HP: 40/40 MP: 4/4
  2100 | D:3      | Noticed an ogre
  2104 | D:3      | Killed an ogre
  2105 | D:3      | Reached XP level 5. HP: 17/47 MP: 5/5
  2451 | D:3      | Noticed Ijyb
  2457 | D:3      | Killed Ijyb
  2839 | D:3      | You fall into a shaft and drop 3 floors!
  2881 | D:5      | Entered Level 5 of the Dungeon
  2897 | D:5      | Found a stormy altar of Qazlal.
  2923 | D:5      | Noticed a sky beast
  2937 | D:5      | Killed a sky beast
  2938 | D:5      | Reached skill level 5 in Fighting
  2938 | D:5      | Reached XP level 6. HP: 20/56 MP: 6/6
  3148 | D:5      | Reached skill level 5 in Axes
  3202 | D:4      | Noticed a necrophage
  3211 | D:4      | Killed a necrophage
  3212 | D:4      | Reached skill level 5 in Armour
  3257 | D:4      | Reached skill level 5 in Shields
  3267 | D:4      | Reached XP level 7. HP: 61/61 MP: 7/7
  4084 | D:4      | Reached XP level 8. HP: 64/70 MP: 8/8
  5048 | D:5      | Became a worshipper of Beogh the Brigand
  5311 | D:5      | Reached skill level 1 in Invocations
  6318 | D:6      | Reached XP level 9. HP: 76/79 MP: 11/11
  6332 | D:6      | Noticed Maggie
  6351 | D:6      | Killed Maggie
  7347 | D:7      | Reached * piety under Beogh
  7662 | D:7      | Found a sand-covered staircase.
  7685 | Ossuary  | Entered an ossuary
  7792 | Ossuary  | Reached ** piety under Beogh
  7886 | D:7      | Reached skill level 5 in Invocations
  8192 | D:7      | Noticed Joseph
  8206 | D:7      | Killed Joseph
  8207 | D:7      | Reached XP level 10. HP: 59/90 MP: 14/14
  8557 | D:7      | Noticed Harold
  8585 | D:7      | Killed Harold
  8829 | D:7      | Found a staircase to the Ecumenical Temple.
  8992 | D:7      | Mangled by a komodo dragon

Illustrated notes

Levels and vault maps discovered:
D:1:      denvon_arrival_waterhouse, layout_basic,
          ebering_ecumenical_altar_abandoned, hex_medium, minmay_tetromino_l2
D:2:      layout_basic, minmay_large_rounded_square
D:3:      layout_loops_corners, uniq_ijyb
D:4:      layout_cave_pools, nzn_random_ring
D:5:      layout_basic, grunt_qazlal_sundering, hellmonk_bongcloud_opening,
          corexii_mini_fake_secret_closet
D:6:      layout_loops_ring, serial_aquarium, aquarium_bridge_straight
          [aquarium_subvault_bridge, aquarium_subvault_wall,
          aquarium_subvault_bridge, aquarium_subvault_wall],
          aquarium_window_fake, aquarium_window_1, aquarium_window_2,
          aquarium_view_2e, aquarium_pool_2, uniq_maggie
D:7:      layout_loops_ring, temple_hall, enter_ossuary_4, minmay_lizard_king,
          uniq_joseph, uniq_harold

Skill      XL: |  1  2  3  4  5  6  7  8  9 10 |
---------------+-------------------------------+-----
Axes           | 3 4 5 6 7 9 |  9.5
Fighting       | 4 5 6 7 8 9 |  9.0
Armour         | 4 5 7 8 |  8.4
Shields        | 4 5 6 7 8 |  8.2
Invocations    | 3 5 6 |  6.4

Action                   |  1- 3 |  4- 6 |  7- 9 | 10-12 || total
-------------------------+-------+-------+-------+-------++-------
Melee: War axe           |   111 |    95 |   392 |    73 ||   671
Invok: Convert to Beogh  |       |       |     1 |       ||     1
  Use: Scroll            |       |       |    15 |     1 ||    16
Armor: Scale mail        |    16 |       |       |       ||    16
       Chain mail        |    44 |    55 |    88 |       ||   187
       Plate armour      |       |       |   133 |    20 ||   153
Dodge: Dodged            |    46 |    24 |    91 |     6 ||   167
Block: Buckler           |    34 |    18 |    66 |       ||   118
       Reflection        |       |       |     9 |     3 ||    12
       Kite shield       |       |       |   205 |    53 ||   258

Table legend: (Time is in decaauts)
 A = Elapsed time spent in this place.
 B = Non-inter-level travel time spent in this place.
 C = Inter-level travel time spent in this place.
 D = Time resting spent in this place.
 E = Time spent auto-exploring this place.
 F = Levels seen in this place.
 G = Mean time per level.
                   A        B        C        D        E       F      G
               +--------+--------+--------+--------+--------+-----+--------+
         Total |   9169 |   9045 |    124 |   2048 |   5334 |   8 | 1146.1 |
       Dungeon |   9014 |   8890 |    124 |   2048 |   5279 |   7 | 1287.7 |
       Ossuary |    155 |    155 |      0 |      0 |     55 |   1 |  155.0 |
               +--------+--------+--------+--------+--------+-----+--------+

Top non-repeatable levels by time:
     D:7: 1605 daAuts
     D:5: 1439 daAuts
     D:4: 1331 daAuts
     D:6: 1324 daAuts
     D:2: 1309 daAuts
     D:3: 1193 daAuts
     D:1: 810 daAuts
 Ossuary: 155 daAuts
